[Event "Titled Tuesday Blitz June 21 Early 2022"]
[White "Petrovic, Aleksa"]
[Black "Itkis, Boris"]
[WhiteFideId "967629"]
[BlackFideId "1209167"]
[WhiteElo "2117"]
[BlackElo "2207"]
[Result "0-1"]
[Round "06"]
[TimeControl "180+1"]
[Date "2022.06.21"]
[WhiteClock "0:00:03"]
[BlackClock "0:00:19"]

1. d4 Nf6 2. c4 Nc6 3. Nf3 e6 4. Nc3 Bb4 5. Qc2 O-O 6. Bd2 d6 7. Rd1 Qe7 8. a3 Bxc3 9. Bxc3 e5 10. c5 e4 11. cxd6 cxd6 12. d5 exf3 13. dxc6 fxe2 14. Qxe2 Re8 15. Qxe7 Rxe7+ 16. Be2 bxc6 17. Bxf6 gxf6 18. Rxd6 Ba6 19. O-O Bxe2 20. Rc1 Rae8 21. Rxf6 Bb5 22. h3 Re1+ 23. Rxe1 Rxe1+ 24. Kh2 Rb1 25. Rf4 Rxb2 26. a4 Bd3 27. Rd4 Bg6 28. Rd6 Ra2 29. Rxc6 Rxa4 30. g4 a5 31. Kg3 Ra1 32. h4 a4 33. h5 Be4 34. Rc8+ Kg7 35. Kf4 Bd5 36. Kg5 h6+ 37. Kf5 Be6+ 0-1


[Site "https://www.chess.com"]

[Event "Titled Tuesday Blitz June 21 Early 2022"]
[White "Pham, Tran Gia Phuc"]
[Black "Devaev, Alexander"]
[WhiteFideId "12415669"]
[BlackFideId "4169395"]
[WhiteElo "1789"]
[BlackElo "2185"]
[Result "1-0"]
[Round "06"]
[TimeControl "180+1"]
[Date "2022.06.21"]
[WhiteClock "0:00:04"]
[BlackClock "0:00:07"]

1. c4 Nf6 2. Nc3 c5 3. g3 e6 4. Bg2 Be7 5. Nf3 O-O 6. O-O Nc6 7. d4 cxd4 8. Nxd4 Ne5 9. b3 d6 10. e4 a6 11. f4 Ng6 12. Be3 Qc7 13. Rc1 Rb8 14. Na4 Re8 15. h3 Bf8 16. Qd3 b6 17. e5 dxe5 18. Nc6 exf4 19. gxf4 Nh4 20. Nxb8 Nxg2 21. Kxg2 Qxb8 22. Nxb6 Bb7+ 23. Kg1 Rd8 24. Qe2 Ne4 25. Rfd1 Ng3 26. Qg4 Nf5 27. Bf2 Rxd1+ 28. Rxd1 h5 29. Qxh5 Qxf4 30. Qg4 Qc7 31. Nd7 Be7 32. Kf1 Bh4 33. Qg1 Bxf2 34. Qxf2 Qc6 35. Ke2 Qe4+ 36. Kd2 a5 37. Kc3 a4 38. Nc5 Qc6 39. Nxb7 Qxb7 40. b4 Qc7 41. c5 g6 42. Qe2 e5 43. Qe4 Qb8 44. Rd5 a3 45. Qxe5 Qa7 46. Qe8+ Kg7 47. Rd8 Qb7 48. Qh8# 1-0


[Site "https://www.chess.com"]

[Event "Titled Tuesday Blitz June 21 Early 2022"]
[White "Piliczewski, Bogusz"]
[Black "Li, Zhuoling"]
[WhiteFideId "1104144"]
[BlackFideId "8605629"]
[WhiteElo "1896"]
[BlackElo "2303"]
[Result "0-1"]
[Round "06"]
[TimeControl "180+1"]
[Date "2022.06.21"]
[WhiteClock "0:00:03"]
[BlackClock "0:00:08"]

1. d4 Nf6 2. Nf3 d5 3. c4 g6 4. Bf4 Bg7 5. e3 c5 6. Nc3 cxd4 7. exd4 Nc6 8. h3 O-O 9. Be2 dxc4 10. d5 Na5 11. Be5 b6 12. Qd4 Bb7 13. Rd1 Rc8 14. O-O Ne8 15. Bxg7 Nxg7 16. Ne5 Nf5 17. Qf4 Nd6 18. Qh6 Nf5 19. Qf4 Ng7 20. Nxc4 Nxc4 21. Bxc4 Qc7 22. Qxc7 Rxc7 23. Bb3 Nf5 24. Rfe1 Rd7 25. Re2 Nd6 26. Rde1 Rfd8 27. Rxe7 Bc8 28. Rxd7 Bxd7 0-1


[Site "https://www.chess.com"]

[Event "Titled Tuesday Blitz June 21 Early 2022"]
[White "Polster, Christian"]
[Black "Do Nascimento,Christian Almeida"]
[WhiteFideId "12965081"]
[BlackFideId "2143801"]
[WhiteElo "2263"]
[BlackElo "2085"]
[Result "1-0"]
[Round "06"]
[TimeControl "180+1"]
[Date "2022.06.21"]
[WhiteClock "0:00:22"]
[BlackClock "0:00:25"]

1. e4 e5 2. Nf3 Nc6 3. Bc4 Bc5 4. b4 Bxb4 5. c3 Be7 6. d4 d6 7. dxe5 Nxe5 8. Nxe5 dxe5 9. Qh5 g6 10. Qxe5 Nf6 11. Bh6 Rg8 12. Bg5 Qd6 13. Qxd6 cxd6 14. Nd2 Be6 15. e5 dxe5 16. Bxe6 fxe6 17. Bxf6 Bxf6 18. Ne4 Ke7 19. Ke2 Rgd8 20. Rhd1 b6 21. a4 Rd5 22. a5 bxa5 23. Rab1 Rad8 24. Rb7+ R8d7 25. Rxd7+ Rxd7 26. Rxd7+ Kxd7 27. Nxf6+ Kc6 28. Kd3 Kb5 29. Kc2 Kc4 30. f3 a4 31. Ne4 a3 32. Nd2+ Kb5 33. Kb3 Kc5 34. Kxa3 Kb5 35. Kb3 1-0


[Site "https://www.chess.com"]

[Event "Titled Tuesday Blitz June 21 Early 2022"]
[White "Prieto Aranguren, Alain"]
[Black "Lauridsen, Jesper Morch"]
[WhiteFideId "2268906"]
[BlackFideId "1401890"]
[WhiteElo "2224"]
[BlackElo "2211"]
[Result "0-1"]
[Round "06"]
[TimeControl "180+1"]
[Date "2022.06.21"]
[WhiteClock "0:00:51"]
[BlackClock "0:00:23"]

1. d4 d5 2. Nf3 e6 3. c4 Nf6 4. e3 c5 5. cxd5 exd5 6. Be2 Nc6 7. O-O cxd4 8. Nxd4 Bd6 9. Nc3 O-O 10. b3 Be5 11. Bb2 Nxd4 12. exd4 Bb8 13. Bf3 Qd6 14. g3 a6 15. Rc1 Bf5 16. Re1 Ba7 17. Re5 Be6 18. Rc2 Rac8 19. Rce2 Rc7 20. Qd2 h6 21. Kg2 Rfc8 22. h3 Qb4 23. Na4 Qxd2 24. Rxd2 b5 25. Nc5 Bxc5 26. dxc5 Rxc5 27. Ree2 Ne4 28. Bxe4 dxe4 29. Bd4 Rc1 30. Be3 Ra1 31. Rd6 a5 32. Ra6 a4 33. bxa4 b4 34. Rb6 Bc4 35. Rc2 Bf1+ 36. Kh2 Rxc2 37. Rxb4 Be2 38. g4 Bf3 39. Kg3 g5 0-1


[Site "https://www.chess.com"]

[Event "Titled Tuesday Blitz June 21 Early 2022"]
[White "Przybylski, Wojciech"]
[Black "Bryakin, Mikhail"]
[WhiteFideId "1117599"]
[BlackFideId "4165314"]
[WhiteElo "2133"]
[BlackElo "2417"]
[Result "1-0"]
[Round "06"]
[TimeControl "180+1"]
[Date "2022.06.21"]
[WhiteClock "0:00:05"]
[BlackClock "0:00:08"]

1. d4 d6 2. g3 g6 3. Bg2 Bg7 4. e4 Nd7 5. Ne2 e5 6. O-O Ne7 7. Nbc3 O-O 8. dxe5 Nxe5 9. f4 Nc4 10. b3 Nb6 11. Be3 c6 12. Qd2 d5 13. Rad1 Qc7 14. Bc5 Re8 15. e5 Nf5 16. Bf2 f6 17. g4 Nh6 18. exf6 Bxf6 19. g5 Bxc3 20. Qxc3 Nf5 21. Nd4 Nxd4 22. Bxd4 Bf5 23. Rde1 Qf7 24. a4 Nd7 25. b4 a6 26. a5 Nf8 27. Be5 Ne6 28. h4 Ng7 29. Bf3 Be4 30. Bg4 Bf5 31. Bf3 Re7 32. Bf6 Rxe1 33. Rxe1 Re8 34. Rxe8+ Nxe8 35. Be5 Qe6 36. h5 Bg4 37. h6 Bxf3 38. Qxf3 Kf7 39. Kf2 Qe7 40. Qc3 Qd7 41. Qc5 Ke6 42. Qf8 Qf7 43. Qc5 Qf5 44. Qb6 Qxc2+ 45. Kg3 Qd3+ 46. Kg2 Kf5 47. Qxb7 Kg4 48. Qxc6 Qf3+ 49. Kg1 Qe3+ 50. Kf1 Qd3+ 51. Kg1 Kf3 52. Qc1 Kg4 53. Qf1 Qb3 54. Qg2+ Kh4 55. Kh2 Qd3 56. b5 axb5 57. a6 b4 58. a7 b3 59. a8=Q b2 60. Qa2 Nd6 61. Qaxb2 Nf5 62. Qbf2+ Kh5 63. Qe2+ Qxe2 64. Qxe2+ Kh4 65. Qf2+ Kg4 66. Qg2+ Kh4 67. Qh3# 1-0


[Site "https://www.chess.com"]

[Event "Titled Tuesday Blitz June 21 Early 2022"]
[White "Puranik, Abhimanyu"]
[Black "Martin Carmona, Gaston Manuel"]
[WhiteFideId "5061245"]
[BlackFideId "22284567"]
[WhiteElo "2520"]
[BlackElo "2162"]
[Result "1-0"]
[Round "06"]
[TimeControl "180+1"]
[Date "2022.06.21"]
[WhiteClock "0:01:03"]
[BlackClock "0:00:06"]

1. Nf3 Nf6 2. c4 e6 3. e3 c5 4. b3 d5 5. Bb2 Be7 6. cxd5 exd5 7. d4 O-O 8. Be2 cxd4 9. Nxd4 Nc6 10. O-O a6 11. Nd2 Bd6 12. N2f3 Bc7 13. Rc1 Qd6 14. Nxc6 bxc6 15. Be5 Qe7 16. Bxc7 Qxc7 17. Qd4 Re8 18. h3 Bf5 19. Qc5 Bd7 20. Bd3 a5 21. Nd4 Ne4 22. Bxe4 Rxe4 23. Qxd5 Re5 24. Qf3 a4 25. b4 Rb8 26. Nxc6 Bxc6 27. Rxc6 Qd7 28. Rfc1 h5 29. Rc7 Qe6 30. a3 Rf5 31. Qg3 Re8 32. R7c4 Rf6 33. b5 Rg6 34. Qf3 Qd6 35. Rxa4 Re5 36. Ra8+ Kh7 37. Qxf7 Rxg2+ 38. Kxg2 Rg5+ 39. Kh1 Qd3 40. Qg8+ Kg6 41. Ra6+ Kf5 42. Qe6# 1-0


[Site "https://www.chess.com"]

[Event "Titled Tuesday Blitz June 21 Early 2022"]
[White "Rios Escobar, Adan"]
[Black "Mirzoev, Azer"]
[WhiteFideId "3403645"]
[BlackFideId "13400304"]
[WhiteElo "2446"]
[BlackElo "2525"]
[Result "0-1"]
[Round "06"]
[TimeControl "180+1"]
[Date "2022.06.21"]
[WhiteClock "0:00:07"]
[BlackClock "0:00:55"]

1. d4 d5 2. Nf3 Bf5 3. g3 e6 4. c4 c6 5. Nc3 Nd7 6. Nh4 Bg4 7. h3 Bh5 8. Qb3 Qb6 9. g4 Be7 10. Ng2 Bg6 11. Nf4 Ngf6 12. Bg2 O-O 13. Nxg6 hxg6 14. Be3 Qa6 15. cxd5 exd5 16. O-O Rfe8 17. Bg5 Nf8 18. Bh4 Ne4 19. Bxe7 Rxe7 20. Nxe4 dxe4 21. e3 Nd7 22. Rfc1 Qb6 23. Qc2 Rae8 24. b4 f5 25. Qc4+ Kh7 26. a4 a6 27. Bf1 Nf6 28. Be2 f4 29. exf4 Nd5 30. f5 gxf5 31. gxf5 Qc7 32. Bg4 e3 33. f6 exf2+ 34. Kg2 Ne3+ 35. Kxf2 Nxc4 36. fxe7 Nd6 37. Re1 Rxe7 38. Rxe7 Qxe7 39. Re1 Qf6+ 40. Kg2 Qxd4 41. Bd1 Qd2+ 42. Kf1 Nc4 43. Be2 Ne3+ 44. Kf2 Nd5 45. Rd1 Qf4+ 46. Ke1 Qxb4+ 47. Kf2 Qf4+ 48. Ke1 Qxa4 49. Rd2 Kh6 50. Bd3 Qb4 51. Ke2 Nf4+ 52. Ke3 Nxd3 53. Rxd3 a5 54. h4 a4 55. h5 a3 56. Rd2 Qc3+ 57. Ke2 Qxd2+ 58. Kxd2 b5 59. Kc2 b4 60. Kb3 c5 61. Ka2 c4 62. Kb1 Kxh5 63. Kc2 g5 64. Kc1 g4 65. Kb1 g3 66. Ka1 g2 67. Ka2 Kg4 68. Ka1 b3 69. Kb1 c3 70. Kc1 g1=Q# 0-1


[Site "https://www.chess.com"]

[Event "Titled Tuesday Blitz June 21 Early 2022"]
[White "Rodchenkov, Sergey D."]
[Black "Aldokhin, Ivan"]
[WhiteFideId "4168712"]
[BlackFideId "24115720"]
[WhiteElo "2293"]
[BlackElo "2231"]
[Result "1-0"]
[Round "06"]
[TimeControl "180+1"]
[Date "2022.06.21"]
[WhiteClock "0:00:14"]
[BlackClock "0:00:02"]

1. e4 e6 2. d4 d5 3. Nc3 Bb4 4. e5 Qd7 5. Qg4 f5 6. Qg3 b6 7. a3 Bxc3+ 8. bxc3 Ba6 9. h4 Bxf1 10. Kxf1 Nc6 11. h5 h6 12. Nf3 O-O-O 13. Qf4 Nge7 14. g3 Na5 15. a4 g5 16. hxg6 Nxg6 17. Qd2 f4 18. Qd3 Qf7 19. g4 Nc4 20. Nd2 Ne3+ 21. Ke1 Nxg4 22. a5 f3 23. Qa6+ Kb8 24. Nb3 Qd7 25. Nc5 Qc8 26. axb6 Qxa6 27. Nxa6+ Kb7 28. bxc7 Rc8 29. Nc5+ Kxc7 30. Rxa7+ Kc6 31. Ra6+ Kb5 32. Rxe6 Rhg8 33. Bxh6 Kc4 34. Kd2 Rb8 35. Rg1 Nxf2 36. Rgxg6 Rxg6 37. Rxg6 Ne4+ 38. Nxe4 dxe4 39. Be3 1-0


[Site "https://www.chess.com"]

[Event "Titled Tuesday Blitz June 21 Early 2022"]
[White "Rohith Krishna S"]
[Black "Bortnyk, Mykola"]
[WhiteFideId "46617051"]
[BlackFideId "14120836"]
[WhiteElo "2117"]
[BlackElo "2582"]
[Result "1-0"]
[Round "06"]
[TimeControl "180+1"]
[Date "2022.06.21"]
[WhiteClock "0:00:14"]
[BlackClock "0:00:09"]

1. Nf3 c5 2. g3 g6 3. Bg2 Bg7 4. O-O Nc6 5. d3 d5 6. e4 dxe4 7. dxe4 Bg4 8. Qe1 Qc8 9. c3 Nf6 10. Na3 O-O 11. Bf4 Nh5 12. Be3 b6 13. Nc4 Rd8 14. a4 Nf6 15. Nfd2 Bh3 16. Qe2 Bxg2 17. Kxg2 Qe6 18. f3 h5 19. Rfd1 Nd7 20. Bf4 Nde5 21. Nxe5 Bxe5 22. Be3 Bg7 23. Bf4 Na5 24. Nf1 Qc4 25. Kf2 Bf6 26. Ne3 Qxe2+ 27. Kxe2 e5 28. Nd5 Rxd5 29. Rxd5 exf4 30. gxf4 Nc4 31. e5 Bg7 32. b3 Na5 33. b4 cxb4 34. cxb4 Nc6 35. b5 Nd8 36. a5 Ne6 37. Ke3 Bh6 38. axb6 Nxf4 39. Rd7 Nd5+ 40. Ke4 Nxb6 41. Raxa7 Rc8 42. Rxf7 Rc4+ 43. Kd3 Rc5 44. Rfb7 Nc4 45. Rb8+ Bf8 46. Raa8 Nxe5+ 47. Kd4 Nxf3+ 48. Ke3 Rc3+ 49. Kf2 Kg7 50. Rxf8 Nxh2 51. b6 Ng4+ 52. Ke2 Re3+ 53. Kd2 Rb3 54. Rfb8 Ne5 55. b7 Nc6 56. Rc8 Rxb7 57. Rxc6 Kh6 58. Raa6 Rg7 59. Ke3 h4 60. Kf4 Kh5 61. Kf3 Rf7+ 62. Kg2 Rg7 63. Kh3 Rg8 64. Kh2 Rg7 65. Rc5+ g5 66. Rcc6 Rh7 67. Kh3 g4+ 68. Kh2 Kg5 69. Ra5+ Kf4 70. Rc4+ Kf3 71. Ra3+ Ke2 72. Rxg4 h3 73. Rxh3 Rf7 74. Rg2+ Kf1 75. Ra2 Rf8 76. Rb3 Rh8+ 77. Kg3 Rg8+ 78. Kf4 Rf8+ 79. Kg5 Rg8+ 80. Kf6 Rf8+ 81. Kg7 1-0


[Site "https://www.chess.com"]

[Event "Titled Tuesday Blitz June 21 Early 2022"]
[White "Rom, Jasper"]
[Black "Shuvalova, Polina"]
[WhiteFideId "2023733"]
[BlackFideId "24171760"]
[WhiteElo "2233"]
[BlackElo "2330"]
[Result "1/2-1/2"]
[Round "06"]
[TimeControl "180+1"]
[Date "2022.06.21"]
[WhiteClock "0:00:04"]
[BlackClock "0:00:01"]

1. e4 c6 2. d4 d5 3. Nd2 dxe4 4. Nxe4 Nf6 5. Nxf6+ exf6 6. c3 Bd6 7. Bd3 O-O 8. Qc2 Re8+ 9. Ne2 h5 10. O-O h4 11. Be3 h3 12. g3 Nd7 13. Bf4 Nf8 14. Bxd6 Qxd6 15. f3 Bd7 16. Qd2 Re7 17. Qf4 Qd5 18. c4 Qh5 19. g4 Qg5 20. Qxg5 fxg5 21. Ng3 Rd8 22. Rad1 Be6 23. Rfe1 Red7 24. Ne2 b5 25. b3 bxc4 26. bxc4 Rb7 27. Rb1 Rdb8 28. Nc3 Nd7 29. Kf2 Nb6 30. c5 Nd7 31. Be4 Rb2+ 32. Kg3 Rxb1 33. Rxb1 Rxb1 34. Bxb1 Nf6 35. Kxh3 Kf8 36. Kg3 Ke7 37. Be4 Kd7 38. h4 gxh4+ 39. Kxh4 Kc7 40. g5 Nd7 41. Kg3 Nb8 42. Kf4 a5 43. a3 Na6 44. Ke3 Nb8 45. f4 g6 46. Bd3 Nd7 47. Be4 Nf8 48. d5 cxd5 49. Bxd5 Bxd5 50. Nxd5+ Kc6 51. Kd4 Ne6+ 52. Ke5 Nxc5 53. Ne7+ Kd7 54. Kf6 Nd3 55. Nd5 Ke8 56. Nc7+ Kf8 57. Nd5 a4 58. Nb6 Nxf4 59. Nxa4 Nd5+ 60. Ke5 Nc7 61. Nc5 Nb5 62. a4 Na7 63. Kd6 Kg7 64. Kc7 f6 65. gxf6+ Kxf6 66. Kb7 Ke5 67. Kxa7 g5 68. Nd7+ Ke6 69. Nf8+ Kf7 70. Nd7 Ke6 71. Nc5+ Kd5 72. Nd3 Ke4 73. Ne1 g4 74. a5 Ke3 75. Ng2+ Kf2 76. Nh4 Kg3 77. Nf5+ Kf4 78. Nh4 Kg3 79. Ng6 Kf2 80. Nh4 Kg3 1/2-1/2


[Site "https://www.chess.com"]

[Event "Titled Tuesday Blitz June 21 Early 2022"]
[White "Rosenberg, Evan S"]
[Black "Coto Mederos, Michel"]
[WhiteFideId "2019299"]
[BlackFideId "3508528"]
[WhiteElo "2380"]
[BlackElo "2427"]
[Result "0-1"]
[Round "06"]
[TimeControl "180+1"]
[Date "2022.06.21"]
[WhiteClock "0:00:03"]
[BlackClock "0:00:12"]

1. e4 d5 2. exd5 Qxd5 3. Nc3 Qa5 4. b4 Qxb4 5. Rb1 Qd6 6. Nf3 c6 7. Bc4 Nf6 8. O-O e6 9. Re1 Be7 10. Rb3 O-O 11. Ba3 Qc7 12. Bxe7 Qxe7 13. d4 Qc7 14. Ne5 Nbd7 15. Nxf7 Rxf7 16. Bxe6 Nf8 17. Bxf7+ Qxf7 18. Ne4 Nxe4 19. Rxe4 Be6 20. Rf3 Qd7 21. Rh4 Re8 22. h3 Ng6 23. Rh5 Bd5 24. Rg3 Bxa2 25. Rhg5 Qe7 26. Kh2 Bd5 27. Qd3 Qe4 28. Qa3 a6 29. Qd6 Qe7 30. Qxe7 Rxe7 31. c3 a5 32. f4 Nxf4 33. R3g4 Ne2 34. h4 a4 35. h5 h6 36. Re5 Rxe5 37. dxe5 a3 38. Ra4 a2 39. g4 Nxc3 40. Ra8+ Kf7 41. Kg3 b5 42. Kf4 Na4 43. Ra7+ Ke6 44. Rxg7 a1=Q 45. Rg6+ Kf7 46. Rf6+ Ke7 47. Kf5 Qb1+ 48. Kf4 Qe4+ 49. Kg3 Qxe5+ 50. Rf4 Nc5 51. g5 hxg5 52. h6 Qxf4+ 53. Kh3 Qh4# 0-1


[Site "https://www.chess.com"]

[Event "Titled Tuesday Blitz June 21 Early 2022"]
[White "Sadhwani, Raunak"]
[Black "Vakhlamov, Igor L."]
[WhiteFideId "35093487"]
[BlackFideId "24126748"]
[WhiteElo "2616"]
[BlackElo "2401"]
[Result "0-1"]
[Round "06"]
[TimeControl "180+1"]
[Date "2022.06.21"]
[WhiteClock "0:00:04"]
[BlackClock "0:00:09"]

1. d4 d5 2. Nf3 Nf6 3. c3 Bf5 4. Qb3 Qc8 5. Bf4 e6 6. e3 Be7 7. Nbd2 O-O 8. Nh4 Bg4 9. h3 Bh5 10. g4 Bg6 11. Nxg6 hxg6 12. Bg2 c5 13. O-O Nc6 14. Bg3 Re8 15. f4 Bd6 16. Bh4 cxd4 17. cxd4 Qd7 18. g5 Nh7 19. Rfc1 Rac8 20. Qd1 Nf8 21. Bf2 Nb4 22. Bf1 Rxc1 23. Rxc1 Rc8 24. a3 Rxc1 25. Qxc1 Nc6 26. b4 Qc7 27. Nb3 b6 28. Bd3 Ne7 29. Qxc7 Bxc7 30. Kf1 f5 31. Ba6 Kf7 32. Ke2 Nc6 33. Nc1 Nb8 34. Bb7 Ke7 35. Nd3 Nfd7 36. b5 Bd6 37. a4 Kd8 38. Be1 Kc7 39. Ba8 Nf8 40. a5 Nfd7 41. h4 Nf8 42. Kd1 Nfd7 43. Bd2 Nf8 44. Kc2 Nfd7 45. Kb3 Nf8 46. Nc1 Nfd7 47. Ne2 Bf8 48. Ng3 Kc8 49. h5 gxh5 50. Nxh5 g6 51. Ng3 Kc7 52. Ne2 Bd6 53. Ng1 Bf8 54. Nf3 Be7 55. Ka4 Bd6 56. Nh4 Nf8 57. Be1 Be7 58. Bc3 Bd6 59. Nf3 Nfd7 60. Be1 Be7 61. Ng1 Bd6 62. Ne2 Be7 63. Nc1 Bd6 64. Nd3 Be7 65. Bb4 Bxb4 66. Kxb4 Kd6 67. Bb7 Kc7 68. Ba6 Nxa6+ 69. bxa6 Kc6 70. Ka4 Kd6 71. Kb5 bxa5 72. Kxa5 Kc6 73. Nb4+ Kc7 74. Kb5 Nb8 75. Nd3 Nd7 76. Ne1 Nb6 77. Nf3 Nc4 78. Nh4 Nxe3 79. Nxg6 Ng2 80. Kb4 Kb6 81. Kc3 Kxa6 82. Kd3 Kb5 83. Ke2 a5 84. Kf2 a4 85. Kxg2 a3 86. Ne5 a2 87. g6 a1=Q 88. Kg3 Qxd4 0-1


[Site "https://www.chess.com"]

[Event "Titled Tuesday Blitz June 21 Early 2022"]
[White "Sadykov, Ramil"]
[Black "Abdi, Farzad"]
[WhiteFideId "24113590"]
[BlackFideId "2076829"]
[WhiteElo "2226"]
[BlackElo "2268"]
[Result "0-1"]
[Round "06"]
[TimeControl "180+1"]
[Date "2022.06.21"]
[WhiteClock "0:00:12"]
[BlackClock "0:02:13"]

1. e4 c5 2. Nf3 d6 3. d4 cxd4 4. Nxd4 Nf6 5. Nc3 g6 6. Be2 Bg7 7. Be3 O-O 8. Qd2 Nc6 9. O-O-O Nxd4 10. Bxd4 Be6 11. f3 Qa5 12. Kb1 Rfc8 13. Bxf6 Rxc3 14. a3 Bxf6 15. f4 Rxa3 16. bxa3 Qxa3 17. e5 Qa2+ 0-1


[Site "https://www.chess.com"]

[Event "Titled Tuesday Blitz June 21 Early 2022"]
[White "Samadov, Read"]
[Black "Perez Gormaz, Matias"]
[WhiteFideId "13417444"]
[BlackFideId "3406342"]
[WhiteElo "2084"]
[BlackElo "2341"]
[Result "1-0"]
[Round "06"]
[TimeControl "180+1"]
[Date "2022.06.21"]
[WhiteClock "0:00:44"]
[BlackClock "0:00:10"]

1. d4 d5 2. c4 e6 3. Nf3 a6 4. g3 dxc4 5. Bg2 Nf6 6. O-O Nc6 7. e3 Rb8 8. Qe2 b5 9. b3 cxb3 10. axb3 Be7 11. Bb2 O-O 12. Rc1 Bb7 13. Nc3 Nb4 14. e4 c5 15. e5 Nd7 16. Ne4 Rc8 17. Nd6 Bxd6 18. exd6 cxd4 19. Bxd4 Bd5 20. Qd2 Rxc1+ 21. Rxc1 Nc6 22. Bb2 Nf6 23. Qf4 Ne8 24. Ng5 Bxg2 25. Kxg2 Qd7 26. Qe4 g6 27. Qxc6 Qxd6 28. Qxd6 Nxd6 29. Rc6 Rd8 30. Bf6 1-0


[Site "https://www.chess.com"]

[Event "Titled Tuesday Blitz June 21 Early 2022"]
[White "Samsonkin, Artiom"]
[Black "Malyi, Viacheslav"]
[WhiteFideId "13503111"]
[BlackFideId "14123983"]
[WhiteElo "2513"]
[BlackElo "2270"]
[Result "1-0"]
[Round "06"]
[TimeControl "180+1"]
[Date "2022.06.21"]
[WhiteClock "0:00:09"]
[BlackClock "0:00:51"]

1. d4 d5 2. Nf3 Nf6 3. Bf4 c6 4. c3 Bf5 5. Nbd2 e6 6. e3 Bd6 7. Bg3 Bxg3 8. hxg3 Nbd7 9. Nh4 Qb6 10. Qb3 Qxb3 11. axb3 Ne4 12. Nxe4 Bxe4 13. f3 Bg6 14. Nxg6 fxg6 15. f4 Ke7 16. Bd3 a6 17. b4 Nf6 18. Kd2 Kf7 19. Rh4 h5 20. b3 Ng4 21. c4 Nf6 22. Rhh1 Ng4 23. b5 Nf2 24. Rhc1 Nxd3 25. Kxd3 h4 26. bxc6 bxc6 27. cxd5 cxd5 28. Rc7+ Kf6 29. g4 h3 30. g5+ Kf5 31. gxh3 Rxh3 32. Rg1 e5 33. dxe5 Rb8 34. Rb1 Rb4 35. Rxg7 d4 36. Rf7+ Kg4 37. Ke4 Rxe3+ 38. Kd5 d3 39. Rd1 Rxb3 40. f5 Kxg5 41. Rg1+ Kh5 42. Rh7# 1-0


[Site "https://www.chess.com"]

[Event "Titled Tuesday Blitz June 21 Early 2022"]
[White "Sarkar, Justin"]
[Black "Adewumi, Tanitoluwa"]
[WhiteFideId "2010011"]
[BlackFideId "30966396"]
[WhiteElo "2020"]
[BlackElo "2533"]
[Result "0-1"]
[Round "06"]
[TimeControl "180+1"]
[Date "2022.06.21"]
[WhiteClock "0:00:01"]
[BlackClock "0:00:46"]

1. d4 Nf6 2. c4 e6 3. Nf3 b6 4. g3 Bb7 5. Bg2 Be7 6. O-O O-O 7. Nc3 Ne4 8. Bd2 Nxd2 9. Qxd2 d6 10. Ne1 Bxg2 11. Nxg2 Bf6 12. Rfd1 g6 13. Rac1 Bg7 14. d5 Nd7 15. b4 a5 16. a3 Re8 17. Nb5 e5 18. e4 Rf8 19. Rf1 f5 20. f3 Nf6 21. Rce1 axb4 22. axb4 Qd7 23. Nh4 fxe4 24. fxe4 Rf7 25. Re2 Raf8 26. Qd3 Qh3 27. Rg2 Ng4 28. Rxf7 Rxf7 29. Nf3 Bh6 0-1


[Site "https://www.chess.com"]

[Event "Titled Tuesday Blitz June 21 Early 2022"]
[White "Sethuraman, S.P."]
[Black "Gubajdullin, Alexei"]
[WhiteFideId "5021596"]
[BlackFideId "4141202"]
[WhiteElo "2473"]
[BlackElo "2280"]
[Result "1-0"]
[Round "06"]
[TimeControl "180+1"]
[Date "2022.06.21"]
[WhiteClock "0:01:45"]
[BlackClock "0:00:03"]

1. b3 Nf6 2. Bb2 e6 3. Nf3 Be7 4. c4 O-O 5. g3 b6 6. Bg2 Bb7 7. O-O c5 8. d4 cxd4 9. Qxd4 d6 10. Nc3 a6 11. Rfd1 Nbd7 12. e4 Qc7 13. Rac1 Rac8 14. h3 Qb8 15. Qe3 Qa8 16. Nd4 Nc5 17. Re1 Rfe8 18. f3 Bf8 19. Qd2 h5 20. Rcd1 h4 21. g4 Rcd8 22. g5 Nh5 23. b4 Nd7 24. f4 e5 25. Nde2 exf4 26. Nxf4 Ng3 27. Ncd5 Qb8 28. Qf2 b5 29. cxb5 axb5 30. g6 f6 31. Rd3 Ne5 32. Rxg3 hxg3 33. Qxg3 Qa7+ 34. Kh1 Qxa2 35. Bxe5 Bxd5 36. Qh4 Be7 37. exd5 fxe5 38. Qh7+ 1-0


[Site "https://www.chess.com"]

[Event "Titled Tuesday Blitz June 21 Early 2022"]
[White "Silvestre, Christian"]
[Black "Slugin, Sergey"]
[WhiteFideId "30956269"]
[BlackFideId "4122569"]
[WhiteElo "2441"]
[BlackElo "2358"]
[Result "0-1"]
[Round "06"]
[TimeControl "180+1"]
[Date "2022.06.21"]
[WhiteClock "0:00:07"]
[BlackClock "0:00:39"]

1. e4 e5 2. Bc4 Nc6 3. Nc3 Nf6 4. d3 Bc5 5. Nf3 O-O 6. h3 d6 7. a3 Be6 8. O-O d5 9. exd5 Nxd5 10. Ne4 Be7 11. Re1 h6 12. Ng3 Bc5 13. Ne4 Bb6 14. Bd2 Qd7 15. Ng3 Nf4 16. Nxe5 Nxe5 17. Bxf4 Nxc4 18. dxc4 Qxd1 19. Raxd1 Bxc4 20. Re7 Rfd8 21. Rdd7 Rxd7 22. Rxd7 Be6 23. Rd2 Kf8 24. Be3 Bxe3 25. fxe3 Ke7 26. e4 a5 27. Kf2 Ra6 28. Ke3 Rb6 29. b3 Rc6 30. c4 a4 31. bxa4 Rxc4 32. Rd4 Rc3+ 33. Rd3 Rc5 34. Ne2 Ra5 35. Nc3 c6 36. Rd4 Bd7 37. Rb4 Bc8 38. Kd3 Kd6 39. Ke3 Kc5 40. e5 b5 41. axb5 Rxa3 0-1


[Site "https://www.chess.com"]

[Event "Titled Tuesday Blitz June 21 Early 2022"]
[White "So, Wesley"]
[Black "Martinez Alcantara, Jose Eduardo"]
[WhiteFideId "5202213"]
[BlackFideId "3805662"]
[WhiteElo "2742"]
[BlackElo "2703"]
[Result "1/2-1/2"]
[Round "06"]
[TimeControl "180+1"]
[Date "2022.06.21"]
[WhiteClock "0:00:35"]
[BlackClock "0:01:07"]

1. d4 Nf6 2. c4 e6 3. Nc3 Bb4 4. e3 O-O 5. Nf3 b6 6. Bd3 Bb7 7. O-O c5 8. Na4 cxd4 9. exd4 Re8 10. a3 Bf8 11. b4 d6 12. Re1 Nbd7 13. Bb2 a6 14. Nc3 Rc8 15. Rc1 h6 16. Bf1 Rc7 17. Nd2 Qa8 18. Qb3 Rec8 19. h3 Bc6 20. a4 a5 21. b5 Bb7 22. Ba3 d5 23. Bxf8 Kxf8 24. cxd5 Bxd5 25. Nxd5 Qxd5 26. Rxc7 Rxc7 27. Qb2 Kg8 28. g3 Qd6 29. Nc4 Qd5 30. Ne3 Qe4 31. Bg2 Qd3 32. Rd1 Qc3 33. Qa2 1/2-1/2


[Site "https://www.chess.com"]

[Event "Titled Tuesday Blitz June 21 Early 2022"]
[White "Srbis, Jurica"]
[Black "Florescu, Codrut-Constantin"]
[WhiteFideId "14515555"]
[BlackFideId "1202200"]
[WhiteElo "2519"]
[BlackElo "2191"]
[Result "1-0"]
[Round "06"]
[TimeControl "180+1"]
[Date "2022.06.21"]
[WhiteClock "0:01:19"]
[BlackClock "0:00:45"]

1. e4 c5 2. Nf3 e6 3. d4 cxd4 4. Nxd4 a6 5. Bd3 Nf6 6. Qe2 Qc7 7. e5 Nd5 8. O-O d6 9. f4 dxe5 10. fxe5 Bc5 11. c3 O-O 12. Kh1 Nc6 13. Nxc6 bxc6 14. Nd2 f5 15. exf6 Nxf6 16. Nf3 Bd6 17. Bg5 e5 18. Bc4+ Kh8 19. Nh4 Bg4 20. Qe3 Nd5 21. Qe4 Bh5 22. Bxd5 cxd5 23. Qxd5 Rab8 24. Nf5 Bc5 25. b4 Bb6 26. Rac1 Rbe8 27. Nd6 Rb8 28. Qxe5 Bg6 29. c4 Qc6 30. c5 Bc7 31. Qe7 Bxd6 32. cxd6 1-0


[Site "https://www.chess.com"]

[Event "Titled Tuesday Blitz June 21 Early 2022"]
[White "Starozhilov, Leonid"]
[Black "Toncheva, Nadya"]
[WhiteFideId "14106752"]
[BlackFideId "2924056"]
[WhiteElo "2699"]
[BlackElo "2529"]
[Result "1-0"]
[Round "06"]
[TimeControl "180+1"]
[Date "2022.06.21"]
[WhiteClock "0:00:09"]
[BlackClock "0:00:04"]

1. Nf3 Nf6 2. c4 e6 3. b3 b6 4. Bb2 Bb7 5. g3 Be7 6. Bg2 d5 7. cxd5 exd5 8. O-O O-O 9. d4 c5 10. Nc3 Nc6 11. Rc1 Ne4 12. dxc5 Nxc3 13. Bxc3 bxc5 14. e3 Qd6 15. Qd2 Rfd8 16. Rfd1 Rac8 17. Bb2 Qe6 18. h4 h6 19. Kh2 Rc7 20. Qe1 Ba6 21. Bh3 Qe4 22. Bg2 Qf5 23. Nd2 Nb4 24. e4 Qg6 25. Nf3 dxe4 26. Rxd8+ Bxd8 27. Ne5 Qf5 28. Bxe4 Qe6 29. a3 Nd5 30. Rd1 Bb7 31. Qd2 Bf6 32. Bxd5 Bxd5 33. Qxd5 Qb6 34. Kg2 Re7 35. Qd8+ Kh7 36. Qxb6 axb6 37. f4 g6 38. Rd6 Bg7 39. Rxb6 f6 40. Nc4 Re2+ 41. Kf3 Rc2 42. Rb7 Kg8 43. Rb8+ Kf7 44. Rb7+ Kf8 45. a4 g5 46. hxg5 hxg5 47. fxg5 Bh8 48. Bxf6 Bxf6 49. gxf6 Rc3+ 50. Kf4 Rc1 51. Ne5 Rf1+ 52. Kg5 1-0


[Site "https://www.chess.com"]